General information
- name: BNet
- type: Ladder 1vs1/FFA
- host: Battle.net
- saver: GodsGoodBuddy
map: RoadToStratholme
- players: 2
- length: 14:43
- speed: Fast
- version: 1.26 W3XP
- replay type: Public
» download(41 KB)
Players
team 1 (loser)
eyesnthedark (
teal | 37 APM | 547 actions | 14:42)
4 Dark Ranger
2 Black Arrow
2 Silence
» actions
| Assign group hotkey | 16 | |
| Basic commands | 1 | |
| Build / train | 36 | |
| Enter build submenu | 14 | |
| Enter hero's abilities submenu | 4 | |
| Right click | 253 | |
| Select / deselect | 165 | |
| Select group hotkey | 33 | |
| Use ability | 25 | |
547 total
» units
| Peasant | 11 | |
| Footman | 5 | |
| Rifleman | 7 | |
| Goblin Shredder | 1 | |
24 total
» upgrades
» buildings
| Barracks | 2 | |
| Farm | 7 | |
| Altar of Kings | 1 | |
| Arcane Vault | 1 | |
| Blacksmith | 1 | |
| Keep | 1 | |
| Scout Tower | 2 | |
| Arcane Tower | 2 | |
17 total
» build order
00:23 Barracks
00:54 Farm
01:31 Farm
01:42 Altar of Kings
02:08 Farm
02:35 Arcane Vault
02:44 Blacksmith
03:02 Farm
04:02 Barracks
04:27 Farm
05:15 Farm
05:52 Farm
07:58 Keep
09:49 Scout Tower
09:53 Scout Tower
10:26 Arcane Tower
10:43 Arcane Tower
» items
team 2 (winner)
GodsGoodBuddy (
purple | 65 APM | 959 actions | 14:43)
5 Blood Mage
3 Flame Strike
2 Siphon Mana
» actions
| Assign group hotkey | 81 | |
| Basic commands | 22 | |
| Build / train | 58 | |
| Enter build submenu | 25 | |
| Enter hero's abilities submenu | 5 | |
| Give item / drop item | 2 | |
| Right click | 392 | |
| Select / deselect | 254 | |
| Select group hotkey | 63 | |
| Use ability | 57 | |
959 total
» units
| Peasant | 16 | |
| Footman | 7 | |
| Sorceress | 3 | |
26 total
» upgrades
| Lumber Harvesting | 1 | |
| Sorceress Training | 1 | |
| Masonry | 2 | |
4 total
» buildings
| Altar of Kings | 1 | |
| Barracks | 1 | |
| Farm | 4 | |
| Lumber Mill | 1 | |
| Arcane Vault | 1 | |
| Keep | 1 | |
| Town Hall | 1 | |
| Scout Tower | 16 | |
| Guard Tower | 10 | |
| Arcane Sanctum | 1 | |
| Arcane Tower | 2 | |
39 total
» build order
00:36 Altar of Kings
00:37 Barracks
00:52 Farm
00:58 Farm
00:58 Farm
01:55 Farm
03:00 Lumber Mill
03:05 Arcane Vault
04:00 Keep
05:38 Town Hall
05:40 Scout Tower
05:41 Scout Tower
05:42 Scout Tower
05:49 Scout Tower
06:12 Guard Tower
06:13 Guard Tower
06:16 Scout Tower
06:27 Arcane Sanctum
06:41 Guard Tower
07:32 Guard Tower
07:44 Scout Tower
07:44 Scout Tower
07:45 Scout Tower
08:07 Scout Tower
08:16 Guard Tower
08:20 Scout Tower
08:25 Scout Tower
09:04 Guard Tower
09:16 Arcane Tower
09:20 Scout Tower
09:22 Scout Tower
09:35 Scout Tower
09:38 Scout Tower
09:40 Scout Tower
09:56 Arcane Tower
10:06 Guard Tower
10:07 Guard Tower
10:45 Guard Tower
12:34 Guard Tower
» items
| Scroll of Regeneration | 3 | |
| Boots of Speed | 1 | |
| Staff of Teleportation | 1 | |
| Potion of Invisibility | 1 | |
| Potion of Healing | 2 | |
| Potion of Mana | 1 | |
9 total
Chat log
(00:14 / All) GodsGoodBuddy: iseedeadpeople
(00:19 / All) GodsGoodBuddy: ?
(00:22 / All) GodsGoodBuddy: cheat dont work?
(01:01 / All) GodsGoodBuddy: asl?
(01:12 / All) eyesnthedark: 96 utah female
(01:25 / All) GodsGoodBuddy: backdoor beauty, granny?
(01:33 / All) eyesnthedark: damn right
(01:49 / All) GodsGoodBuddy: GGILF?
(02:21 / All) GodsGoodBuddy: why are there farm critters running amok in my base!!!